 Dungeon Crawl Stone Soup version 0.28-a0-1555-g9ae15a6949 (webtiles) character file.

Game seed: 3847199112260459454

197 HallandMoats the Skirmisher (level 5, -2/46 HPs)
             Began as a Ghoul Monk on Jan 18, 2022.
             Was an Initiate of Gozag.
             Splashed by a jelly's acid (8 damage)
             ... on level 4 of the Dungeon.
             The game lasted 00:03:30 (2741 turns).

HallandMoats the Skirmisher (Ghoul Monk)            Turns: 2741, Time: 00:03:32

Health: -2/46      AC: -2    Str: 17    XL:     5   Next: 75%
Magic:  4/4        EV:  5    Int:  5    God:    Gozag
Gold:   503        SH:  0    Dex: 11    Spells: 4/4 levels left

rFire   . . .      SeeInvis .     - Unarmed
rCold   + . .      Faith    .   (no shield)
rNeg    + + +      Spirit   .   g - +0 plate armour
rPois   ∞          Reflect  .   (no helmet)
rElec   .          Harm     .   (no cloak)
rCorr   .          Rampage  .   (no gloves)
Will    .....                   e - +2 pair of boots
Stlth   ..........              (no amulet)
HPRegen 0.00/turn               (no ring)
MPRegen 0.09/turn               (no ring)

@: corroded, inhibited regen
A: claws 1, cold resistance 1, negative energy resistance 3, inhibited
regeneration, torment resistance 2
a: Renounce Religion, Potion Petition, Call Merchant, Bribe Branch


You were on level 4 of the Dungeon.
You worshipped Gozag.
Gozag was pleased with you.
You visited 1 branch of the dungeon, and saw 4 of its levels.

You collected 503 gold pieces.

Inventory:

Armour
 e - a +2 pair of boots (worn)
 g - a +0 plate armour (worn)
Scrolls
 a - 2 scrolls of fog {unknown}
 b - a scroll of immolation {unknown}
 c - 3 scrolls of identify {unknown}
 d - a scroll of amnesia {unknown}
 h - 3 scrolls of enchant weapon {unknown}
 j - a scroll of teleportation {unknown}
Potions
 f - a potion of curing {unknown}
 i - 2 potions of haste {unknown}
 k - a potion of heal wounds {unknown}
 l - 2 potions of lignification {unknown}


   Skills:
 + Level 4.2 Fighting
 * Level 2.9 Axes
 + Level 1.9 Armour
 + Level 3.4 Dodging
 - Level 2.1 Stealth
 - Level 3.2 Unarmed Combat


You had 4 spell levels left.
You didn't know any spells.
Your spell library contained the following spells:

 Spells                   Type           Power      Damage    Failure   Level
 Animate Dead             Necr           0%         N/A       100%        4
 Haunt                    Necr/Summ      0%         N/A       100%        7
 Infestation              Necr           0%         N/A       100%        8


Dungeon Overview and Level Annotations

Branches:
Dungeon (4/15)
 Temple: D:4-7

Altars:
Dithmenos
Gozag

Shops:
D:4 *


Innate Abilities, Weirdness & Mutations

You thrive by killing the living.
You are immune to poison.
You have sharp fingernails.
Your flesh is cold resistant. (rC+)
You are immune to negative energy. (rN+++)
You do not regenerate when monsters are visible.
You are immune to unholy pain and torment.


Message History

You scratch the jelly but do no damage.
Your claws burn!
The jelly is lightly wounded.
The jelly barely misses you.
You scratch the jelly but do no damage.
Your claws burn!
The jelly is lightly wounded.
The jelly hits you but does no damage.
You scratch the jelly but do no damage.
Your claws burn!
The jelly is lightly wounded.
The jelly hits you but does no damage.
You scratch the jelly.
Your claws burn!
The jelly is moderately wounded.
You scratch the jelly but do no damage.
Your claws burn!
The jelly is moderately wounded.
The jelly hits you but does no damage.
You scratch the jelly. The acid corrodes you!
Your claws burn!
The jelly is heavily wounded.
The jelly hits you but does no damage.
You are too injured to fight recklessly!
You are too injured to fight recklessly!
You are too injured to fight recklessly!
You are too injured to fight recklessly!
You are too injured to fight recklessly!
You are too injured to fight recklessly!
You are too injured to fight recklessly!
You are too injured to fight recklessly!
You are too injured to fight recklessly!
You are too injured to fight recklessly!
You scratch the jelly but do no damage. The acid corrodes you!
Your claws burn!
The jelly is heavily wounded.
The jelly hits you.
You are splashed with acid.
* * * LOW HITPOINT WARNING * * *
You scratch the jelly but do no damage. The acid corrodes you!
Your claws burn!
* * * LOW HITPOINT WARNING * * *
You claw the jelly!
The jelly is almost dead.
The jelly hits you.
* * * LOW HITPOINT WARNING * * *
The acid corrodes you!
You are splashed with acid!
You die...
Your body crumbles into a pile of gold.

#.#####.#
#.#
#.#####
#.#
#...).#
######.#
#.###.#
.......##
#.# #.#
######..#
### #.#
.# ####
#.# .#
#.##.####
.#
#@.......
##
#J...####
## ...###
.# .....
.#
.#...##
.......
#. ##.##
# ... ..


You could see a jelly.

Vanquished Creatures
  A water moccasin skeleton (D:3)
  A jelly (D:3)
  4 adders
  A worm (D:2)
  A dart slug (D:2)
  6 endoplasms
  10 hobgoblins
  7 jackals
  3 quokkas
  6 ball pythons
  8 bats
  5 frilled lizards
  3 goblins
  6 kobolds
  12 rats
74 creatures vanquished.

Vanquished Creatures (others)
  3 plants (D:2)
3 creatures vanquished.

Grand Total: 77 creatures vanquished

Notes
Turn   | Place    | Note
-------+----------+-------------------------------------------
     0 | D:1      | HallandMoats the Ghoul Monk began the quest for the Orb.
     0 | D:1      | Reached XP level 1. HP: 19/19 MP: 0/0
   200 | D:1      | Reached XP level 2. HP: 26/26 MP: 1/1
   221 | D:1      | Reached skill level 1 in Axes
   688 | D:1      | Reached XP level 3. HP: 31/31 MP: 2/2
   700 | D:1      | Found a faded altar of an unknown god.
   722 | D:1      | Prayed at the altar of an unknown god.
   722 | D:1      | Became a worshipper of Gozag Ym Sagoz the Greedy
  1153 | D:2      | Reached skill level 1 in Armour
  1475 | D:2      | Reached XP level 4. HP: 40/40 MP: 3/3
  1841 | D:3      | Reached skill level 4 in Fighting
  1841 | D:3      | Reached XP level 5. HP: 18/46 MP: 4/4
  2153 | D:3      | Found a shadowy altar of Dithmenos.
  2632 | D:4      | Found Gixorgh's Assorted Antiques.
  2741 | D:4      | Splashed by a jelly's acid

Illustrated notes

Levels and vault maps discovered:
D:1:      psy_arrival_basics, layout_basic, ebering_ecumenical_altar_box,
          wander_ebering_terrifying_dragon_lair
D:2:      layout_basic, minmay_shallow_snake_nest
D:3:      layout_rooms, old_standard_altar, minmay_misc_feat_ornament
D:4:      layout_loops_ring, serial_shops, nicolae_stop_n_shop_2, shop,
          nicolae_shop_advertising_works [nicolae_subvault_shop_adworks],
          kennysheep_mini, eino_tiny_chamber

Skill      XL: |  1  2  3  4 |
---------------+-------------+-----
Axes           | 1 2 |  2.9
Dodging        | 3 |  3.4
Armour         | 1 |  1.9
Fighting       | 4 |  4.2
Stealth        | |  2.1
Unarmed Combat | |  3.2

Action                   |  1- 3 |  4- 6 || total
-------------------------+-------+-------++-------
Melee: Unarmed           |   134 |   131 ||   265
       Punch             |     2 |     4 ||     6
Armor: Robe              |     4 |       ||     4
       Scale mail        |    34 |       ||    34
       Plate armour      |    41 |   109 ||   150
Dodge: Dodged            |    59 |    36 ||    95

Table legend: (Time is in decaauts)
 A = Elapsed time spent in this place.
 B = Non-inter-level travel time spent in this place.
 C = Inter-level travel time spent in this place.
 D = Time resting spent in this place.
 E = Time spent auto-exploring this place.
 F = Levels seen in this place.
 G = Mean time per level.
                   A        B        C        D        E       F      G
               +--------+--------+--------+--------+--------+-----+--------+
         Total |   2723 |   2650 |     73 |      0 |   2109 |   4 |  680.8 |
       Dungeon |   2723 |   2650 |     73 |      0 |   2109 |   4 |  680.8 |
               +--------+--------+--------+--------+--------+-----+--------+

Top non-repeatable levels by time:
     D:1: 946 daAuts
     D:2: 851 daAuts
     D:3: 815 daAuts
     D:4: 109 daAuts
